AoeStats
← Cool Dog

Lombardia

510179145Analyzed
4v4 RM · 2d ago on Sep 29, 2026· 11m 43s· 8 players
Game mode
Random Map
Map size
Large (8 player)
Population
200
Speed
Normal
Resources
Standard
Victory
Conquest
Starting age
Dark Age
Ending age
Imperial Age
RankedLock teamsTeams togetherTeam positionsShared explorationLock speedFull tech treeHidden civsTurbo modeCheats
Victory
Defeat
🇹🇷 Magyars · Türkiye
1181
+17
🇨🇾 Mongols · Cyprus
1177
+17
🇩🇪 Varangians · Germany
1135
+19
🇩🇪 Danes · Germany
1134
+19
🇬🇧 Vikings · United Kingdom
1236
-19
🇺🇸 Maya · United States
1235
-19
🇺🇸 Magyars · United States
1206
-18
🇨🇱 Wei · Chile
1142
-16
Subutai ,,the Valiant"
5:08 Loom
11:07 Feudal Age
Dabbler
6:33 Loom
8:42 Feudal Age
10:03 Double-Bit Axe
10:55 Horse Collar
Cool Dog
7:41 Loom
10:59 Feudal Age
_FreeZon3_
0:36 Loom
11:36 Feudal Age
Frion
0:30 Loom
10:49 Feudal Age
Kazule
6:12 Loom
9:05 Feudal Age
Xavier
6:06 Loom
8:44 Feudal Age
9:36 Double-Bit Axe
Necrocat219
5:34 Loom
11:12 Feudal Age
Connection lost

Rejoining the realm…

Still unreachable

The connection could not be restored.

Session expired

The server has moved on; the page needs a fresh start.